[Event "Szansa Chess Open 2022"]
[Site "Warsaw"]
[Date "2022.09.18"]
[Round "7"]
[White "Podgorski, Maciej"]
[Black "Smieszek, Wojciech"]
[Result "1/2-1/2"]
[ECO "B36"]
[WhiteElo "2059"]
[BlackElo "2082"]
[Annotator "TA"]
[PlyCount "174"]
[EventDate "2022.09.17"]
[EventCountry "POL"]
[SourceTitle "playchess.com"]
[Source "ChessBase"]
[SourceQuality "1"]
[TimeControl "900+10"]

1. e4 c5 2. Nf3 g6 3. d4 cxd4 4. Nxd4 Nc6 5. c4 Nf6 6. Nc3 Nxd4 7. Qxd4 d6 8. Bg5 Bg7 9. Be2 O-O 10. Qd2 Be6 11. O-O {[%emt 0:00:19] seems to push 11.Rc1 aside.} Qa5 12. Rfd1 Rfc8 {[%emt 0:00:11] B36: Sicilian: Maroczy Bind: Gurgenidze System.} 13. b3 {[%emt 0:00:25] [#]} Qe5 $146 (13... b5 $11) ({Predecessor:} 13... b5 14. Bxf6 Bxf6 15. Nd5 Qxd2 16. Nxf6+ exf6 17. Rxd2 bxc4 18. bxc4 Bxc4 19. Bxc4 Rxc4 20. Rxd6 {½-½ (110) Vatter,H (2216)-Wan,Y (2507) Kiel 2018}) 14. Bf4 Qa5 {[%emt 0:00:31] White is slightly better.} 15. Rac1 a6 16. Qe3 (16. Bf3 $14) 16... b5 $11 17. Nd5 Bxd5 18. exd5 bxc4 (18... Qxa2 $15 19. h3 (19. Qxe7 $2 Re8 $19) 19... Rc7) 19. Bxc4 $14 (19. bxc4 Qxa2 20. h3 (20. Qxe7 $2 Re8 $19) 20... Rc7 $11) 19... Re8 20. a4 {[%emt 0:00:24] White is more active.} Nd7 21. Re1 (21. Qh3 $16 Ne5 22. Be2) 21... Be5 $11 22. Bxe5 Nxe5 23. Qh6 f5 (23... Ng4 $11 24. Qg5 Ne5) 24. h4 $16 {[%emt 0:01:54][%cal Oe1e5] Strongly threatening Rxe5!} Qb6 25. Qf4 Kg7 26. h5 Rac8 (26... Rg8 $16) 27. hxg6 (27. a5 $1 $18 Qxa5 28. Rxe5 dxe5 29. Qxe5+ Kh6 30. Qe3+ (30. Qf4+ g5 $16) 30... f4 31. Qxf4+ g5 32. Qf7) 27... hxg6 28. Re3 (28. a5 $1 $16 Qxa5 29. Rxe5 dxe5 30. Qxe5+ Kf7 31. Ra1 (31. Qe6+ Kg7 $16)) 28... Rh8 29. Rce1 {[%emt 0:00:12][%cal Oa4a5] Black should prevent a5!} Qc7 (29... a5 $11 {and Black stays safe.}) 30. Bxa6 (30. Qd4 $1 $18 Qc5 31. Qxc5 Rxc5 32. f4 Nxc4 33. Rxe7+ Kf8 34. bxc4 Rxc4 35. Re8+ Kg7 36. R1e7+ Kf6 37. Re6+ Kg7 38. R8e7+ (38. Rxh8 Kxh8 39. a5 Rc5 $11) 38... Kf8 39. Ra7 (39. Re8+ Kg7 $18)) 30... Ra8 31. Bc4 Kf6 (31... Rh7 $16) 32. Rg3 (32. g4 $1 $18 {[%cal Oe3e5] Black must now prevent Rxe5!} Rh7 33. Rxe5 $1 dxe5 34. Rxe5 $1) 32... Rh5 $1 $11 33. Be2 g5 34. Qd4 Rh4 35. Qc3 {[%emt 0:00:10] [#]} Rah8 $1 36. f4 $1 Qb6+ 37. Qe3 {[%emt 0:00:02] The board is on fire.} Qxe3+ 38. Rxe3 Rxf4 ({Better is} 38... Rh1+ $15 39. Kf2 gxf4) 39. a5 Rb4 40. a6 Ra8 41. Rc1 Ra7 42. Rec3 Rb6 43. Ra1 Nd7 44. Bc4 Nc5 45. Re3 Ra8 46. Rf3 ({But not} 46. a7 Rb7 47. b4 Rxb4 $17) 46... g4 47. Rf2 Ne4 48. Re2 Ke5 49. Rae1 Kd4 50. Rd1+ Kc5 (50... Ke5 $11) 51. Rc2 $16 Kb4 52. Rf1 Ng3 (52... Raxa6 $16 {was worth a try.} 53. Bxa6 Rxa6) 53. Ra1 $18 Rbb8 $2 (53... Kc5 {is more resistant.} 54. Kf2 Ne4+ 55. Ke3 Rb4) 54. Ra4+ Kc5 55. Ra5+ $2 ({White has to play} 55. a7 $18) 55... Kd4 $1 $11 56. Ra1 Rh8 $36 {[%emt 0:00:05][%mdl 2048] aiming for ...Rh1+. White is under pressure.} 57. Rd1+ Ke5 58. Re1+ Kf6 (58... Kd4 $1 $11 {remains equal.}) 59. Kf2 ({White should play} 59. b4 $1 $16) 59... Ne4+ $14 60. Rxe4 $2 fxe4 {[%emt 0:00:01][%mdl 4096] Endgame KRR-KRB} 61. b4 (61. Ke3 $17 Ke5 62. Rf2) 61... Ke5 62. b5 Rhb8 $2 ({Black should try} 62... Rhc8 $19 {Hoping for ...Rab8.} 63. Ke3 Rab8) 63. Ke3 $11 e6 $2 {[%emt 0:00:02][%mdl 8192] [#]} (63... Rc8 $1 $11) 64. dxe6 $4 (64. Rd2 $1 $18 {is the narrow road to win.}) 64... d5 $19 65. Bb3 $2 (65. Bf1 Rf8 66. Ke2) 65... Rxb5 66. Ba4 d4+ 67. Kd2 Rb6 $2 (67... Ra5 $19 {has better winning chances.} 68. Rc4 Ra7) 68. e7 $17 {[%emt 0:00:11] [#]} Re6 (68... e3+ $1 $17 69. Ke2 Rd6 70. Rc5+ Ke4) 69. e8=Q $11 {[%emt 0:00:10] The position is equal.} Rexe8 70. Bxe8 {[%emt 0:00:01] Bb5 is the strong threat.} Rxe8 {[%emt 0:00:02] KR-KR} 71. a7 Ra8 72. Ra2 Kd5 73. Ra5+ Kc4 74. Ra4+ Kc5 75. Ra5+ Kb4 76. Rd5 Kc4 77. Ra5 g3 78. Ra4+ Kc5 79. Ra5+ Kb6 80. Ra4 Rxa7 81. Rxd4 Ra2+ 82. Ke3 Rxg2 83. Rxe4 Kc5 84. Rg4 Kd5 85. Kf3 Rg1 86. Rxg3 Rxg3+ 87. Kxg3 Ke5 {[%emt 0:00:36] Both players deserved the win here.  Weighted Error Value: White=0.38/Black=0.33} 1/2-1/2

[Event "Szansa Chess Open 2022"]
[Site "Warsaw"]
[Date "2022.09.18"]
[Round "7"]
[White "Niezhentsev, Kyrylo"]
[Black "Kutowski, Marcel"]
[Result "1-0"]
[ECO "A20"]
[WhiteElo "2009"]
[BlackElo "2046"]
[Annotator "TA"]
[PlyCount "61"]
[EventDate "2022.09.17"]
[EventCountry "POL"]
[SourceTitle "playchess.com"]
[Source "ChessBase"]
[SourceQuality "1"]
[TimeControl "900+10"]

1. c4 e5 2. g3 Nc6 3. Bg2 g6 4. Nf3 Bg7 5. Nc3 f5 6. d3 d6 7. O-O h6 {[%emt 0:00:02] A26: English Opening vs King's Indian with ...Nc6 and d3.} 8. e3 Nf6 9. a3 a5 {[%emt 0:00:02] [#] The position is equal.} 10. d4 $146 ({Predecessor:} 10. Rb1 Be6 11. Re1 O-O 12. d4 Bd7 13. d5 Ne7 14. e4 g5 15. exf5 Bxf5 16. Ra1 {0-1 (34) Hickl,N (985)-Lenz,J (1083) LSS email 2013}) 10... e4 11. Ne1 O-O 12. Nc2 (12. f3 $11) 12... Qe7 (12... a4 $1 $17) 13. Bd2 a4 14. Nb4 Na5 15. Qxa4 Be6 16. Ncd5 Qf7 17. Nxf6+ Qxf6 (17... Bxf6 $11 18. d5 Bd7) 18. Nd5 $36 {[%emt 0:01:42][%mdl 2048] Keeping Black busy.} Qf7 19. Bxa5 b6 20. b4 bxa5 {[%emt 0:00:41] [#]} 21. b5 {[%emt 0:00:27] White is more active.} ({Much less strong is} 21. bxa5 c5 $14) 21... Bxd5 (21... Ra7 $16 {was necessary.} 22. f3 Bxd5 23. cxd5 exf3 24. Bxf3 Re8) 22. cxd5 $18 Qxd5 23. Rfc1 Qf7 {[%emt 0:00:02] [#]} 24. Rc6 $1 Rfd8 25. Rac1 Rd7 26. Bf1 Kh7 27. Ra6 Rxa6 (27... Rf8 28. Ra7 (28. Rxa5 g5 $18) (28. Qxa5 f4 $18) 28... f4) 28. bxa6 c5 29. dxc5 dxc5 30. Bc4 Qf6 (30... Qe7 $18 31. Rb1 Ra7 32. Qxa5 Be5) 31. Qxd7 {[%emt 0:00:08] Weighted Error Value: White=0.15 (very precise) /Black=0.61} 1-0

[Event "Szansa Chess Open 2022"]
[Site "Warsaw"]
[Date "2022.09.18"]
[Round "7"]
[White "Czarnecka, Lidia"]
[Black "Stepinski, Piotr"]
[Result "1-0"]
[ECO "B28"]
[WhiteElo "1957"]
[BlackElo "1663"]
[Annotator "TA"]
[PlyCount "116"]
[EventDate "2022.09.17"]
[EventCountry "POL"]
[SourceTitle "playchess.com"]
[Source "ChessBase"]
[SourceQuality "1"]
[TimeControl "900+10"]

1. e4 c5 2. Nf3 a6 3. c4 e6 4. d4 cxd4 5. Nxd4 Nc6 6. Be3 Qc7 7. Nc3 Bb4 {[%emt 0:00:06] B41: Sicilian: Kan Variation: 5 c4.} 8. Qb3 {[%emt 0:00:16] [#]} Nge7 $146 ({Predecessor:} 8... Nf6 9. Nxc6 Bxc3+ 10. Qxc3 bxc6 11. f3 O-O 12. e5 Ne8 13. Bc5 d6 14. exd6 Nxd6 {1-0 (32) Subelj,J (1964)-Olsen,W (1584) Porec 2015}) 9. a3 Bxc3+ {[%emt 0:00:11] White is slightly better.} 10. Qxc3 {[%emt 0:00:06] And now Nxc6 would win.} e5 11. Nf3 O-O 12. Bd3 d6 13. O-O f5 (13... h6 $14) 14. exf5 (14. c5 $16) 14... Bxf5 $14 {[%emt 0:00:06] ...e4 is the strong threat.} 15. Ng5 {[%emt 0:00:10] Against e4} Qd7 ({Better is} 15... h6 $14 16. Bxf5 Rxf5) 16. Rad1 $16 h6 17. Ne4 Bxe4 (17... Bg6 $142) 18. Bxe4 Nf5 19. Bxf5 (19. Qd3 $142) 19... Rxf5 20. Rd2 Rf6 21. Rfd1 Qc7 22. b4 (22. c5 {keeps more tension.} Rd8 23. b4 dxc5 24. Qc4+) 22... Rc8 23. Qb3 (23. c5 {seems wilder.} Nd4 24. Bxd4 exd4 25. Qc4+) 23... Kh8 24. c5 ({White should play} 24. f3 $14) 24... Rd8 (24... Nd4 $1 $11 25. Bxd4 exd4) 25. h3 $36 {[%emt 0:00:43][%mdl 2048] Black is under strong pressure.} dxc5 26. Rxd8+ ({Don't play} 26. bxc5 Nd4 27. Qb1 Rdf8 $11) 26... Nxd8 27. Bxc5 {[%emt 0:00:02] White is much more active.} b6 28. Be3 Rd6 {[%emt 0:00:10] [#] Against Qd3} (28... b5 $16) 29. Rc1 $2 (29. Rxd6 $1 $18 {aiming for Qd5.} Qxd6 30. b5) 29... Rc6 30. Rd1 (30. Rxc6 $16 Nxc6 31. Qd5) 30... Rd6 $1 $18 {[%emt 0:00:01] [#]} 31. Re1 $2 ({White has to play} 31. Rxd6 $1 $18 Qxd6 32. b5 axb5 33. Qxb5) 31... Ne6 32. Qa4 ({White should try} 32. Qb1 $16) 32... b5 $11 33. Qb3 Nd4 (33... Qd7 $11) 34. Qb2 (34. Bxd4 $16 exd4 35. Re8+ Kh7 36. Qg8+ Kg6 37. Re4) 34... Qf7 35. Qb1 Qf5 (35... Kg8 $11) 36. Qxf5 $14 Nxf5 {[%emt 0:00:01][%mdl 4096] Endgame KRB-KRN} 37. Ba7 Re6 38. Bc5 (38. f4 $1 $14) 38... Kg8 (38... g5 $11) 39. Rd1 (39. f4 $5) 39... Kf7 40. Rd7+ Ne7 {[%emt 0:00:15] White now steadily converts the win.} (40... Ke8 $14 41. Rc7 g5) 41. Ra7 $16 e4 (41... Kf6 $16 {was necessary.}) 42. Kf1 $18 {[%emt 0:00:03] Hoping for Ke2.} Kf6 43. Bxe7+ Rxe7 44. Rxa6+ {[%emt 0:00:02] KR-KR} Kf5 45. Rb6 Re5 46. Ke2 h5 (46... Rd5 {keeps fighting.} 47. Rb7 g5 48. g4+ Kf4) 47. Rd6 g5 $2 (47... Re6 {is a better defense.} 48. Rd5+ Re5) 48. Ke3 Re7 49. Rd5+ Re5 50. g4+ hxg4 51. hxg4+ Ke6 52. Rd4 Rd5 53. Kxe4 Re5+ 54. Kd3 {[%emt 0:00:24] Threatening mate with Re4.} Kf6 55. f4 gxf4 (55... Re1 $142 56. fxg5+ Ke5) 56. Rxf4+ Kg5 57. Rf5+ Rxf5 58. gxf5 Kxf5 {[%emt 0:00:01] Weighted Error Value: White=0.31/Black=0.48} 1-0

[Event "Szansa Chess Open 2022"]
[Site "Warsaw"]
[Date "2022.09.18"]
[Round "7"]
[White "Bartkiewicz, Pawel"]
[Black "Rak, Maciej"]
[Result "0-1"]
[ECO "B28"]
[WhiteElo "1938"]
[BlackElo "1866"]
[Annotator "TA"]
[PlyCount "40"]
[EventDate "2022.09.17"]
[EventCountry "POL"]
[SourceTitle "playchess.com"]
[Source "ChessBase"]
[SourceQuality "1"]
[TimeControl "900+10"]

1. e4 c5 2. Nf3 a6 3. c4 e6 4. d4 cxd4 5. Nxd4 Nf6 6. Nc3 Bb4 7. Bd3 {[%emt 0:01:03] The old main line.} Qc7 8. O-O Nc6 (8... Bxc3 $5 9. bxc3 d6 $11) 9. Nxc6 {[%emt 0:00:24] B41: Sicilian: Kan Variation: 5 c4.} (9. Nc2 $5 ) 9... dxc6 10. Qe2 e5 {[%emt 0:04:56] [#]} 11. Be3 $146 {[%emt 0:00:37] The position is equal.} ({Predecessor:} 11. Bd2 Bc5 12. Kh1 O-O 13. Na4 Bd4 14. c5 Be6 15. Bg5 Qe7 16. f4 Bd7 17. f5 Bxc5 {½-½ (81) Vereb,G (2205)-Farkas,R (2297) Hungary 2016}) 11... Ng4 12. Bd2 Be6 {[%emt 0:00:57] Inhibits Nd5.} (12... Qe7 $11) 13. f3 (13. Nd5 $5 cxd5 14. cxd5 (14. Bxb4 dxc4 15. Bc2 O-O-O $11) 14... Bxd2 15. dxe6 $14) 13... Bc5+ 14. Kh1 Nf6 15. Na4 Bd4 16. c5 Rd8 17. Rfd1 Qe7 18. Ba5 Nh5 (18... Rd7 $11 {remains equal.}) 19. Bxd8 Qxd8 20. Bc4 $2 {[%emt 0:04:58][%mdl 8192] [#]} (20. g3 $14) 20... Qh4 $1 {[%emt 0:00:37] Weighted Error Value: White=0.67/Black=0.21 (precise)} 0-1

[Event "Szansa Chess Open 2022"]
[Site "Warsaw"]
[Date "2022.09.18"]
[Round "7"]
[White "Omar, Mohamed"]
[Black "Padalka, Artem"]
[Result "0-1"]
[ECO "B20"]
[WhiteElo "1853"]
[BlackElo "2184"]
[Annotator "TA"]
[PlyCount "86"]
[EventDate "2022.09.17"]
[EventCountry "POL"]
[SourceTitle "playchess.com"]
[Source "ChessBase"]
[SourceQuality "1"]
[TimeControl "900+10"]

1. e4 c5 2. c4 g6 3. Nc3 Bg7 4. Nge2 Nc6 5. g3 d6 6. Bg2 Nf6 7. O-O O-O 8. d4 cxd4 9. Nxd4 {[%emt 0:00:05] [#]} Be6 {[%emt 0:01:24] E65: King's Indian: Fianchetto: 6...c5 7 0-0 without d5 by White.} (9... Nxe4 $1 $11 10. Nxc6 Nxc3 11. Nxe7+ Qxe7 12. bxc3 Be6) 10. Nxc6 (10. Nxe6 $16 fxe6 11. Bh3) 10... bxc6 $11 11. Qe2 Qc8 {[%emt 0:00:38] [#]} (11... Rb8 $11) 12. Rd1 $146 ({Predecessor:} 12. Bd2 Bh3 13. Rfe1 Bxg2 14. Kxg2 Nd7 15. Nd1 Nc5 16. Bc3 Ne6 17. Bxg7 Kxg7 18. Nc3 {0-1 (46) Nedimovic,L (2217)-Gyorkos,L (2424) Trieste 2005}) 12... Qa6 13. Bf1 ({Better is} 13. b3 $11) 13... Nd7 $15 ({Much worse is} 13... Bg4 14. f3 Be6 15. Be3 $11) 14. Bd2 {[%emt 0:00:55] [#]} (14. f4 $15) 14... Ne5 $1 $17 15. c5 Qxe2 {[%emt 0:01:01] Black is more active.} (15... Bc4 $17 16. Qe3 Bxf1 17. Rxf1 dxc5) 16. Bxe2 $11 dxc5 17. Na4 c4 18. Nc5 {[%emt 0:00:19] Inhibits Nd3.} Bg4 19. Kf1 {[%emt 0:01:23] [#]} (19. Bxg4 $11 Nxg4 20. h3) 19... Nf3 $1 $19 {[%emt 0:00:41] ( -> ...Bh3#)} 20. Bxf3 (20. Kg2 $142 Nxd2 21. Rxd2) 20... Bxf3 21. Rdb1 Bd4 {[%emt 0:00:15] A strong pair of Bishops.} 22. Be3 Bxc5 ({Black should try} 22... Bxe3 $19 23. fxe3 Rfd8) 23. Bxc5 $15 Bxe4 {[%emt 0:00:01] Hoping for ...c3.} 24. Rd1 {[%emt 0:00:20] Black continues to play with concentration.} (24. Re1 $1 $15 Bd3+ 25. Kg1) 24... Bd3+ 25. Kg1 Rfe8 26. Rac1 Rad8 27. a3 (27. b3 $17) 27... a6 28. Rd2 Rd5 29. Bb4 e5 30. Rcd1 Red8 31. Bc3 f6 {[%emt 0:00:18][%cal Od3e2] ...Be2! is the strong threat.} 32. f3 $2 {[%emt 0:00:07] [#]} (32. Re1 {was called for.}) 32... Be2 $1 $19 33. Rxd5 cxd5 {[%emt 0:00:01][%cal Bc6d5,Bd5d4,Bd4d3][%mdl 4128] Endgame KRB-KRB} (33... Rxd5 $2 {too greedy.} 34. Re1 Bxf3 35. Kf2 $19) 34. Rd2 Bxf3 35. Rf2 d4 36. Ba5 (36. Rxf3 dxc3 37. Rxc3) 36... Rd5 37. Bb6 e4 {[%emt 0:00:04] White must now prevent ...c3.} 38. Rd2 d3 39. Kf2 Kf7 40. Be3 g5 41. Ke1 Be2 42. Bg1 Rf5 43. Bf2 e3 {[%emt 0:00:05] Weighted Error Value: White=0.62/Black=0.22 (precise)} 0-1

[Event "Szansa Chess Open 2022"]
[Site "Warsaw"]
[Date "2022.09.18"]
[Round "7"]
[White "Bespalov, Ivan"]
[Black "Rudzinska, Michalina"]
[Result "1/2-1/2"]
[ECO "B13"]
[WhiteElo "1841"]
[BlackElo "2289"]
[Annotator "ChessBase"]
[PlyCount "124"]
[EventDate "2022.09.17"]
[EventCountry "POL"]
[SourceTitle "playchess.com"]
[Source "ChessBase"]
[SourceQuality "1"]
[TimeControl "900+10"]

1. e4 c6 2. d4 d5 3. exd5 cxd5 4. Bd3 Nf6 5. Nf3 Nc6 6. O-O Bg4 7. c3 e6 8. Bg5 Be7 9. Nbd2 O-O 10. Re1 Bh5 11. Qc2 Bg6 12. Bxg6 hxg6 13. Ne5 Rc8 14. Ndf3 Ne4 15. Bxe7 Nxe7 16. Nd2 Nd6 17. Qd3 b5 18. Rab1 Nc4 19. Ndxc4 bxc4 20. Qf3 Nc6 21. Ng4 Qg5 22. h3 Rb8 23. Qd1 Rb6 24. Ne3 Rfb8 25. b4 cxb3 26. axb3 Ne7 27. Qc2 Nf5 28. Nxf5 gxf5 29. Qa2 f4 30. f3 a6 31. c4 Qf6 32. cxd5 Qxd4+ 33. Qf2 Qxd5 34. Red1 Qb7 35. Rd3 Qc7 36. Qd2 e5 37. Rd7 Qc5+ 38. Kh2 Rc8 39. Rd8+ Rxd8 40. Qxd8+ Kh7 41. Rc1 Qxc1 42. Qxb6 Qc8 43. Qd6 Qe6 44. Qd3+ g6 45. Qc2 Kh6 46. Qd3 Kg7 47. b4 Qb6 48. Qc3 Qb5 49. Qc8 Qb6 50. Qc3 Qb5 51. Qc8 Qxb4 52. Qxa6 Qd4 53. Qb7 Qd6 54. Qe4 f5 55. Qb7+ Kf6 56. Qa8 Qe7 57. Qh8+ Ke6 58. Qg8+ Qf7 59. Qc8+ Kf6 60. Qh8+ Ke6 61. Qc8+ Kd6 62. Qb8+ Ke6 1/2-1/2

[Event "Szansa Chess Open 2022"]
[Site "Warsaw"]
[Date "2022.09.18"]
[Round "7"]
[White "Rylski, Tadeusz"]
[Black "Pires, Emanuel Joao Robarts"]
[Result "0-1"]
[ECO "B08"]
[WhiteElo "1733"]
[BlackElo "1999"]
[Annotator "TA"]
[PlyCount "92"]
[EventDate "2022.09.17"]
[EventCountry "POL"]
[SourceTitle "playchess.com"]
[Source "ChessBase"]
[SourceQuality "1"]
[TimeControl "900+10"]

1. e4 d6 2. d4 Nf6 3. Nc3 g6 4. Nf3 Bg7 5. Be2 O-O 6. O-O Bg4 7. h3 Bxf3 8. Bxf3 Nc6 9. Be3 e5 10. dxe5 dxe5 11. Qxd8 {[%emt 0:05:07] B08: Pirc Defence: Classical System.} Rfxd8 12. Rad1 Nd4 13. Bxd4 {[%emt 0:00:26] The position is equal.} exd4 14. Nb5 {[%emt 0:00:24][%csl LRc7,LRd4] [#]} c5 $146 ({Predecessor:} 14... Ne8 15. Rd3 c5 16. b3 a6 17. Na3 b5 18. Rfd1 Rac8 19. c4 Nd6 20. h4 Rc7 {½-½ (59) Ruff,M (1981)-Promyshlyanskiy,V (2237) Forchheim 2010}) 15. e5 Nd7 (15... Nd5 $2 16. Bxd5 Rxd5 17. Nc7 $18) (15... Ne8 $5 ) 16. e6 ({But not} 16. Bxb7 Rab8 17. e6 Rxb7 $17) 16... Ne5 17. Nc7 ({Much weaker is} 17. Bxb7 Rab8 18. Nc7 (18. e7 Re8 $17) 18... Rxb7 $15) 17... Nxf3+ 18. gxf3 fxe6 19. Nxa8 Rxa8 $14 {[%emt 0:00:01][%mdl 4096] Endgame KRR-KRB} 20. Rfe1 Kf7 21. Re4 g5 (21... Rc8 $14) 22. f4 $1 $16 h6 23. fxg5 hxg5 24. f4 Bf6 25. Rf1 {[%emt 0:00:29] Black must now prevent fxg5.} Rg8 {[%emt 0:00:15] Strongly threatening ...gxf4+.} 26. fxg5 Rxg5+ 27. Rg4 {[%emt 0:00:15] aiming for Rxg5.} Rh5 {[%emt 0:00:03] [#]} 28. Kg2 $1 Ke7 29. Rg8 Be5 {[%emt 0:00:45] Against Rb8} ({Black should try} 29... c4) 30. Rgf8 (30. Ra8 $142) 30... Rg5+ 31. Kh1 Kd6 32. R1f7 Kd5 33. Rxb7 Rg3 34. Rh7 (34. Rxa7 $16 {Hoping for Rh7.} Rxh3+ 35. Kg1) 34... c4 $1 $14 35. b3 c3 36. Rxa7 Rxh3+ 37. Kg1 d3 38. Ra5+ $2 (38. Rd8+ $11 Kc6 39. cxd3) 38... Ke4 $19 39. cxd3+ Rxd3 40. Rf1 $2 {[%emt 0:00:24] [#]} (40. Rc8 Bd4+ 41. Kg2 e5 $15) (40. Ra4+ {was necessary.} Rd4 41. Kf2) 40... Bd4+ $1 41. Kh2 c2 {[%emt 0:00:18] ( -> ...Rd1)} 42. Rh5 (42. Rc1 $19 Rc3 43. Ra4) 42... Rd1 {[%emt 0:00:28] Black mates.} 43. Rh4+ Kd3 44. Rf3+ Ke2 45. Rg3 c1=Q 46. Rg2+ Bf2 {[%emt 0:00:04] Weighted Error Value: White=0.49/Black=0.08 (flawless)} 0-1

[Event "Szansa Chess Open 2022"]
[Site "Warsaw"]
[Date "2022.09.18"]
[Round "7"]
[White "Wieckowski, Michal"]
[Black "Ivanytska, Liudmyla"]
[Result "0-1"]
[ECO "B46"]
[WhiteElo "1684"]
[BlackElo "1845"]
[Annotator "NA COMBH"]
[PlyCount "64"]
[EventDate "2022.09.17"]
[EventCountry "POL"]
[SourceTitle "playchess.com"]
[Source "ChessBase"]
[SourceQuality "1"]
[TimeControl "900+10"]

1. e4 c5 2. Nf3 Nc6 3. d4 cxd4 4. Nxd4 a6 5. Nc3 e6 6. Nxc6 bxc6 7. Bd3 Nf6 8. O-O Be7 9. Bg5 d5 10. exd5 cxd5 11. Qe2 Rb8 12. b3 O-O 13. Rfd1 Qc7 14. Na4 e5 15. Bxf6 Bxf6 16. Bxa6 Bxa6 17. Qxa6 Qxc2 18. Rxd5 e4 19. Rad1 Qxa2 20. Qd6 Rbd8 21. Qc6 Qxb3 22. h3 Qxd1+ 23. Rxd1 Rxd1+ 24. Kh2 Be5+ 25. g3 e3 26. Qf3 Rfd8 27. Qxe3 Bd4 28. Qe7 Bxf2 29. Nc3 Bc5 30. Qe4 R1d3 31. Qe5 Bd4 32. Qe7 Bxc3 0-1

[Event "Szansa Chess Open 2022"]
[Site "Warsaw"]
[Date "2022.09.18"]
[Round "8"]
[White "Gumularz, Szymon"]
[Black "Chomczyk, Marek"]
[Result "1-0"]
[ECO "A04"]
[WhiteElo "2532"]
[BlackElo "2327"]
[Annotator "ChessBase"]
[PlyCount "43"]
[EventDate "2022.09.17"]
[EventCountry "POL"]
[SourceTitle "playchess.com"]
[Source "ChessBase"]
[SourceQuality "1"]
[TimeControl "900+10"]

1. Nf3 c5 2. c4 Nc6 3. Nc3 g6 4. e3 Nf6 5. d4 cxd4 6. exd4 d5 7. cxd5 Nxd5 8. Bc4 Nxc3 9. Qb3 Nd5 10. Bxd5 e6 11. Bxc6+ bxc6 12. O-O Qd5 13. Qc3 f6 14. Re1 a5 15. a3 Bd6 16. Nd2 O-O 17. Ne4 Bb4 18. axb4 axb4 19. Rxa8 bxc3 20. Rxc8 cxb2 21. Nxf6+ Kg7 22. Nxd5 1-0

[Event "Szansa Chess Open 2022"]
[Site "Warsaw"]
[Date "2022.09.18"]
[Round "8"]
[White "Nasuta, Grzegorz"]
[Black "Psyk, Radoslaw"]
[Result "0-1"]
[ECO "B03"]
[WhiteElo "2531"]
[BlackElo "2404"]
[Annotator "ChessBase"]
[PlyCount "56"]
[EventDate "2022.09.17"]
[EventCountry "POL"]
[SourceTitle "playchess.com"]
[Source "ChessBase"]
[SourceQuality "1"]
[TimeControl "900+10"]

1. e4 Nf6 2. e5 Nd5 3. d4 d6 4. c4 Nb6 5. f4 dxe5 6. fxe5 c5 7. d5 g6 8. Nc3 Bg7 9. Bf4 O-O 10. Qd2 e6 11. d6 Nc6 12. Nf3 Nd7 13. Qe3 f6 14. exf6 Qxf6 15. Bg5 Qf7 16. Bd3 Bd4 17. Qd2 Nde5 18. Rf1 Nxf3+ 19. Rxf3 Qg7 20. Bh6 Qe5+ 21. Be2 Rxf3 22. gxf3 Qxd6 23. O-O-O Bd7 24. Ne4 Qxh2 25. Bf4 Qg2 26. Nxc5 Bxc5 27. Qxd7 Qxe2 28. Qxb7 Rb8 0-1

[Event "Szansa Chess Open 2022"]
[Site "Warsaw"]
[Date "2022.09.18"]
[Round "8"]
[White "Kosakowski, Jakub"]
[Black "Slomczewski, Michal"]
[Result "1-0"]
[ECO "B48"]
[WhiteElo "2457"]
[BlackElo "2108"]
[Annotator "ChessBase"]
[PlyCount "67"]
[EventDate "2022.09.17"]
[EventCountry "POL"]
[SourceTitle "playchess.com"]
[Source "ChessBase"]
[SourceQuality "1"]
[TimeControl "900+10"]

1. e4 c5 2. Nf3 e6 3. d4 cxd4 4. Nxd4 Nc6 5. Nc3 Qc7 6. Be3 a6 7. Qf3 Nf6 8. O-O-O Ne5 9. Qg3 Nfg4 10. Bd2 Bc5 11. Bf4 h5 12. Be2 d6 13. h3 h4 14. hxg4 hxg3 15. Rxh8+ Ke7 16. Nf5+ Kd7 17. Nxd6 Kc6 18. Bxe5 f6 19. Bxg3 e5 20. Rxc8 Rxc8 21. Nxc8 Qxc8 22. Nd5 b5 23. Rh1 Qg8 24. Bf3 Bd6 25. g5 fxg5 26. Bxe5 Qf8 27. Bxd6 Qxd6 28. Ne3 Qe5 29. Rd1 Qe6 30. Kb1 Qe5 31. a3 b4 32. axb4 Qb5 33. c3 a5 34. Rd5 1-0

[Event "Szansa Chess Open 2022"]
[Site "Warsaw"]
[Date "2022.09.18"]
[Round "8"]
[White "Kozak, Antoni"]
[Black "Nguyen, Piotr"]
[Result "1-0"]
[ECO "B36"]
[WhiteElo "2434"]
[BlackElo "2421"]
[Annotator "ChessBase"]
[PlyCount "80"]
[EventDate "2022.09.17"]
[EventCountry "POL"]
[SourceTitle "playchess.com"]
[Source "ChessBase"]
[SourceQuality "1"]
[TimeControl "900+10"]

1. e4 c5 2. Nf3 g6 3. c4 Nc6 4. d4 cxd4 5. Nxd4 Nf6 6. Nc3 Nxd4 7. Qxd4 d6 8. Be3 Bg7 9. Be2 O-O 10. Qd3 a5 11. O-O a4 12. Rac1 Qa5 13. h3 Be6 14. f4 Rfc8 15. b3 axb3 16. axb3 Qb4 17. f5 Bd7 18. fxg6 hxg6 19. e5 dxe5 20. Rxf6 exf6 21. Qxd7 Qxb3 22. Bf3 Rf8 23. Qb5 Qa3 24. Bxb7 Rab8 25. c5 f5 26. c6 f4 27. Bd2 Rbd8 28. Nd5 Qa7+ 29. Qc5 Qa2 30. Ne7+ Kh7 31. Rc2 Qb1+ 32. Kh2 Bf6 33. Rc1 Qd3 34. Be1 e4 35. c7 f3 36. cxd8=Q Rxd8 37. Qc4 Be5+ 38. Bg3 Bxg3+ 39. Kxg3 Qd6+ 40. Kg4 f5+ 1-0